Map: Polka LE

Players

qqq

  • Race: Protoss Protoss
  • League: Platinum
  • Spawn Location: 5:00

Massa

  • Race: Terran Terran
  • League: Platinum
  • Spawn Location: 5:00

IrOnChain - Winner!

  • Race: Terran Terran
  • League: Master
  • Spawn Location: 11:00

SAIMANP - Winner!

  • Race: Protoss Protoss
  • League: Gold
  • Spawn Location: 11:00

VOD

Have the link to the VOD?

Description

Time

  • Played on: Dec. 7, 2020, 4:02 p.m.
  • Length: 29:47
Show
View Real Time Build Order
Export as new Build Order

qqq Protoss 

Build Orders:  

Get SALT Encoding   

  12  0:03  Probe  
  13  0:15  Probe  
  14  0:24  Pylon  
  14  0:27  Probe  
  15  0:42  Probe  
  16  0:46  Gateway  
  16  0:53  Assimilator  
  16  1:06  Probe (Chrono Boost)  
  17  1:16  Probe (Chrono Boost)  
  18  1:21  Probe (Chrono Boost)  
  20  1:32  Probe  
  20  1:39  Assimilator  
  20  1:42  Pylon  
  20  1:44  Probe  
  21  1:54  Cybernetics Core  
  21  1:57  Probe  
  21  2:00  Zealot  
  24  2:02  Gateway  
  24  2:09  Probe  
  24  2:10  Pylon  
  25  2:32  Stalker  
  25  2:36  Gateway  
  27  2:42  Shield Battery  
  27  2:49  Stalker  
  29  2:51  Gateway  
  29  2:54  Shield Battery  
  28  3:15  Stalker  
  30  3:28  Stalker x2  
  34  3:41  Stalker  
  36  3:59  Stalker  
  38  4:03  Pylon  
  38  4:20  Robotics Facility  
  38  4:21  Stalker  
  40  4:40  Stargate  
  40  4:43  Stargate  
  36  4:54  Stalker  
  36  4:57  Stalker  
  40  5:00  Pylon  
  30  5:38  Shield Battery  
  30  5:43  Stalker x2  
  32  6:07  Stalker x2  
  36  6:16  Pylon  
  36  6:21  Void Ray (Chrono Boost), Stalker  
  38  6:43  Forge  
  38  6:51  Pylon  
  38  6:53  Stalker  
  40  6:59  Void Ray (Chrono Boost)  
  40  7:36  Fleet Beacon  
  40  7:39  Photon Cannon  
  40  7:42  Pylon  
  40  7:58  Photon Cannon  
  40  8:01  Photon Cannon  
  40  8:02  Shield Battery  
  40  8:03  Adept  
  42  8:27  Adept  
  42  8:41  Tempest  
  47  9:02  Shield Battery  
  47  9:04  Tempest  
  52  9:10  Flux Vanes  
  39  10:11  Carrier  
  45  10:24  Carrier  
  45  11:13  Nexus  
  45  12:08  Carrier  
  51  12:34  Pylon  
  51  12:50  Nexus  
  51  13:18  Probe  
  52  13:30  Probe  
  50  13:42  Probe  
  51  13:54  Probe  
  46  14:06  Probe  
  47  14:18  Probe  
  48  14:30  Probe  
  49  14:42  Probe  
  50  14:48  Probe  
  51  14:54  Probe  
  52  15:01  Probe  
  52  15:06  Probe  
  54  15:13  Probe  
  55  15:18  Probe  
  56  15:25  Probe  
  57  15:31  Probe  
  58  15:37  Probe  
  59  15:43  Probe  
  72  15:51  Probe  
  72  15:55  Probe, Assimilator  
  74  16:00  Assimilator  
  75  16:07  Probe  
  44  16:51  Assimilator  
  44  16:53  Assimilator  
  44  17:02  Probe  
  45  17:12  Gateway  
  45  17:17  Nexus  
  45  17:22  Gateway  
  45  17:32  Nexus  
  45  18:02  Pylon  
  45  18:04  Pylon  
  45  18:12  Cybernetics Core  
  45  18:20  Zealot x2  
  27  18:35  Probe  
  28  18:42  Probe  
  28  18:47  Zealot x2  
  28  18:48  Probe (Chrono Boost)  
  33  18:52  Nexus  
  34  18:58  Robotics Facility, Protoss Ground Armor Level 1 (Chrono Boost)  
  34  19:00  Probe x2 (Chrono Boost)  
  35  19:05  Probe (Chrono Boost)  
  35  19:07  Probe (Chrono Boost)  
  37  19:12  Stargate  
  37  19:14  Probe  
  38  19:18  Probe  
  39  19:24  Robotics Facility  
  39  19:26  Probe (Chrono Boost)  
  41  19:33  Probe (Chrono Boost), Assimilator  
  41  19:37  Assimilator  
  42  19:38  Probe (Chrono Boost)  
  42  19:45  Probe (Chrono Boost)  
  43  19:46  Probe (Chrono Boost)  
  43  19:49  Robotics Bay  
  43  19:52  Probe x2  
  46  20:04  Probe x2  
  40  20:14  Pylon  
  40  20:16  Probe, Pylon  
  40  20:19  Pylon  
  39  20:28  Probe  
  37  20:45  Probe, Pylon  
  37  20:46  Probe  
  37  20:47  Pylon  
  37  20:49  Pylon  
  39  20:58  Probe x2  
  39  20:59  Protoss Ground Weapons Level 1  
  39  21:01  Probe  
  42  21:05  Phoenix  
  42  21:10  Probe x2  
  46  21:11  Robotics Facility  
  46  21:15  Photon Cannon  
  46  21:17  Photon Cannon  
  46  21:18  Shield Battery  
  46  21:22  Probe x2  
  48  21:29  Twilight Council  
  48  21:30  Phoenix  
  50  21:34  Probe x2  
  52  21:46  Probe x2  
  53  21:51  Probe  
  54  21:55  Phoenix  
  54  21:58  Probe x2  
  58  22:03  Probe  
  58  22:06  Robotics Bay  
  58  22:07  Dark Shrine  
  53  22:10  Probe x2  
  52  22:15  Probe  
  52  22:16  Pylon, Robotics Facility  
  52  22:20  Pylon  
  52  22:22  Probe x2, Pylon  
  55  22:34  Probe x2  
  55  22:35  Nexus  
  54  22:46  Probe  
  54  22:47  Probe  
  56  22:56  Colossus x2  
  56  22:59  Probe  
  57  23:09  Extended Thermal Lance (Chrono Boost)  
  57  23:11  Probe  
  70  23:46  Colossus (Chrono Boost)  
  70  23:50  Probe  
  83  23:56  Colossus (Chrono Boost), Dark Templar x2 (Chrono Boost)  
  87  24:02  Probe  
  88  24:15  Probe  
  89  24:27  Probe  
  89  24:28  Dark Templar x2  
  94  24:33  Colossus, Assimilator  
  94  24:37  Assimilator x2  
  100  24:39  Probe, Assimilator  
  100  24:43  Colossus  
  100  24:44  Protoss Ground Weapons Level 2  
  106  24:51  Probe  
  97  25:03  Probe  
  93  25:08  Dark Templar  
  96  25:15  Probe, Tempest  
  99  25:26  Colossus  
  100  25:32  Probe x2  
  93  25:44  Probe  
  83  25:56  Probe  
  82  26:12  Dark Templar x2  
  86  26:18  Probe (Chrono Boost)  
  87  26:28  Probe (Chrono Boost)  
  88  26:33  Probe (Chrono Boost)  
  87  26:43  Disruptor  
  87  26:45  Probe, Disruptor  
  94  26:50  Probe  
  94  26:51  Dark Templar  
  94  26:54  Phoenix  
  99  26:57  Probe  
  93  27:02  Probe  
  83  27:14  Probe  
  83  27:26  Probe  
  76  27:38  Probe  
  76  27:40  Colossus  
  76  27:41  Colossus  
  88  27:50  Probe  
  89  27:53  Probe  
  89  27:59  Nexus  
  89  28:02  Probe  
  88  28:06  Probe  
  88  28:08  Nexus  
  87  28:14  Probe  
  87  28:18  Probe  
  88  28:27  Probe  
  89  28:30  Probe  
  90  28:34  Phoenix  
  90  28:39  Probe  
  93  28:42  Probe  
  93  28:43  Pylon  
  93  28:44  Pylon  
  93  28:45  Pylon  
  93  28:47  Pylon  
  94  28:51  Pylon  
  94  28:54  Probe  
  95  28:59  Phoenix  
  97  29:06  Probe  
Show
View Real Time Build Order
Export as new Build Order

Massa Terran 

Build Orders:  

Get SALT Encoding   

  12  0:01  SCV  
  13  0:13  SCV  
  14  0:24  Supply Depot  
  14  0:25  SCV  
  15  0:45  Refinery  
  15  0:46  SCV  
  16  0:55  Barracks  
  16  1:05  SCV  
  17  1:15  Barracks  
  17  1:17  SCV  
  18  1:29  SCV  
  19  1:39  Supply Depot  
  19  1:41  SCV  
  19  1:45  Barracks Tech Lab  
  20  1:53  SCV  
  21  2:15  Marauder  
  22  2:18  Barracks Tech Lab, Concussive Shells  
  22  2:21  Orbital Command  
  22  2:34  Barracks  
  22  2:36  Marauder  
  24  2:39  Marauder  
  26  2:48  Supply Depot  
  26  2:58  Marauder  
  28  3:00  Marauder  
  30  3:13  Bunker  
  30  3:19  Marauder  
  32  3:21  Marauder  
  34  3:40  Marauder  
  36  3:43  Marauder  
  38  4:02  Marauder  
  38  4:08  Marauder  
  38  4:23  Marauder  
  38  4:33  Bunker  
  38  4:40  Supply Depot  
  38  4:43  Marauder  
  38  4:44  Factory  
  38  4:45  Supply Depot  
  38  4:46  Marauder  
  38  5:16  Marauder  
  38  5:17  Marauder  
  34  5:31  Marine  
  35  5:38  Marauder x2  
  37  5:47  Factory Tech Lab  
  37  5:49  Marine  
  38  5:52  Barracks  
  38  5:56  Command Center  
  38  5:58  Barracks  
  38  5:59  Marauder x2  
  38  6:06  Marine  
  37  6:21  Marauder  
  37  6:22  Marauder  
  41  6:42  Marauder  
  41  6:43  Marauder  
  35  6:59  Bunker  
  35  7:01  Marine  
  35  7:04  Marine x2  
  35  7:05  Siege Tank  
  41  7:12  SCV  
  41  7:17  Marauder  
  41  7:19  Marine  
  41  7:21  Marine  
  45  7:24  SCV  
  44  7:34  Marauder  
  44  7:36  SCV  
  45  7:39  Marauder  
  41  7:46  Marine x3  
  41  7:47  Refinery  
  44  7:55  Marine  
  45  8:00  Marine  
  45  8:04  Marine x3  
  50  8:05  SCV x2  
  49  8:17  SCV  
  49  8:18  SCV  
  47  8:25  Marauder, Marine x2  
  47  8:26  Marauder  
  53  8:27  Stimpack  
  53  8:29  SCV  
  54  8:49  SCV  
  54  8:50  Orbital Command  
  55  9:01  SCV  
  56  9:06  Marauder  
  56  9:07  Marauder, Marine x2  
  62  9:12  Supply Depot  
  62  9:14  Supply Depot  
  62  9:16  Supply Depot  
  62  9:21  Marine  
  62  9:33  Marine x2  
  62  9:34  SCV, Marauder, Siege Tank  
  62  9:35  Engineering Bay  
  62  9:36  SCV, Marauder  
  73  9:39  Marine  
  73  9:42  Refinery  
  73  9:44  Starport  
  74  9:46  SCV  
  74  9:48  SCV  
  74  9:51  Marine x2  
  78  9:58  SCV  
  77  10:00  SCV  
  77  10:19  Marauder x2, Marine x3  
  84  10:22  Medivac  
  86  10:52  SCV, Marine x2  
  86  10:56  Marine  
  86  10:58  SCV  
  86  11:00  Combat Shield  
  86  11:08  Command Center  
  86  11:09  Refinery  
  86  11:25  Supply Depot  
  86  11:27  Supply Depot  
  86  11:33  Terran Infantry Weapons Level 1  
  86  11:45  SCV  
  86  11:46  SCV, Marauder, Marine x3  
  86  11:47  Marauder  
  94  11:57  SCV  
  94  11:58  SCV  
  71  12:04  Marine x3, Siege Tank  
  71  12:07  Medivac  
  71  12:08  Marauder x2  
  68  12:10  SCV  
  71  12:24  SCV x2  
  71  12:29  Barracks Reactor, Marauder x2  
  77  12:30  Barracks Reactor  
  77  12:33  Barracks Tech Lab  
  77  12:36  SCV x2, Siege Tank  
  80  12:42  Armory  
  80  12:48  SCV  
  80  12:51  Marauder x2  
  85  12:52  Medivac  
  84  13:08  Marauder, Marine x4  
  84  13:12  Marauder x2  
  94  13:14  Bunker  
  94  13:17  Orbital Command  
  94  13:25  Marine  
  94  13:26  Marine x3  
  97  13:28  Siege Tank  
  97  13:29  Marine  
  97  13:33  Marine x2  
  100  14:01  Siege Tank  
  97  14:13  Command Center  
  95  14:18  Command Center  
  95  14:20  Starport Reactor  
  95  14:28  Supply Depot  
  95  14:30  Supply Depot  
  95  14:32  Supply Depot  
  95  14:35  Supply Depot  
  95  15:14  Marauder  
  95  15:15  Marauder x2  
  95  15:16  Marine x3  
  95  15:17  Siege Tank  
  107  15:36  Marauder x3  
  109  15:57  Siege Tank  
  112  16:03  Medivac x2  
  116  16:06  Planetary Fortress  
  116  16:11  SCV x2  
  118  16:23  SCV x2  
  120  16:35  SCV x2  
  114  16:47  SCV  
  114  16:48  SCV, Siege Tank  
  114  16:56  Missile Turret  
  114  16:57  Marauder, Marine x3  
  119  17:18  Marauder  
  119  17:20  Siege Tank  
  124  17:35  Refinery  
  124  17:36  Planetary Fortress  
  124  17:37  Refinery  
  124  17:40  Marauder  
  126  17:45  Marine x4  
  126  17:50  Missile Turret x2  
  126  17:51  Missile Turret  
  130  17:52  Barracks, Siege Tank  
  125  18:01  Marauder  
  125  18:03  Marine x2  
  129  18:06  Barracks  
  129  18:10  Terran Infantry Armor Level 1, Barracks  
  129  18:13  Armory  
  129  18:19  Sensor Tower  
  129  18:22  Marauder  
  129  18:23  SCV  
  129  18:24  SCV x3, Siege Tank  
  138  18:36  SCV  
  139  18:43  Viking x2  
  139  18:44  Marauder, Marine  
  139  18:45  Marine x3  
  149  18:49  Engineering Bay  
  149  18:56  Siege Tank  
  149  19:02  Marine x2  
  152  19:03  Marine  
  152  19:04  Barracks Reactor, Barracks Tech Lab  
  152  19:05  Barracks Tech Lab  
  152  19:06  Marine  
  156  19:27  Refinery, Supply Depot  
  156  19:29  Refinery, Supply Depot  
  156  19:30  Supply Depot  
  156  19:31  Supply Depot  
  156  19:32  Supply Depot  
  156  19:43  Terran Infantry Weapons Level 2  
  156  19:47  Factory  
  156  19:48  Medivac, Thor  
  156  19:50  Marine, Medivac  
  156  19:51  Marauder  
  169  19:54  Missile Turret  
  169  20:00  Missile Turret x2  
  169  20:03  Missile Turret  
  173  20:07  Marauder x2, Marine, Missile Turret  
  173  20:08  Marine x3  
  173  20:12  Marauder  
  148  20:28  Marauder x2  
  148  20:34  Marauder  
  150  20:44  Factory Tech Lab  
  150  20:45  Thor  
  150  20:47  Marine  
  150  20:48  Marine x4  
  165  20:50  Marauder x2  
  165  20:55  Marauder  
  167  20:59  Command Center  
  166  21:10  Smart Servos  
  170  21:11  Marauder x2  
  170  21:12  Thor  
  170  21:15  Marine x4  
  170  21:16  Marauder, Marine x2  
  184  21:25  Terran Infantry Armor Level 2  
  184  21:28  Thor  
  184  21:30  Sensor Tower  
  184  21:32  Marauder x2  
  194  21:38  Marauder  
  196  21:50  Command Center  
  196  21:53  Missile Turret  
  196  22:14  Missile Turret, Supply Depot  
  196  22:17  Supply Depot  
  196  22:35  Marine x2  
  196  22:36  Marauder, Missile Turret  
  200  22:43  Marine x4  
  200  22:44  Marauder x2  
  200  22:58  Missile Turret  
  200  23:31  Siege Tank  
  197  23:35  Marauder x3, Marine  
  139  23:46  Marine  
  139  23:47  Marine  
  139  23:48  Marine x3  
  101  23:53  Marine, Planetary Fortress  
  105  23:55  SCV  
  105  23:56  SCV x3, Marauder  
  105  23:57  Marauder x2  
  115  24:04  Marine  
  115  24:05  Marine  
  115  24:06  Marine x2  
  115  24:08  Terran Infantry Weapons Level 3, SCV x3, Terran Infantry Armor Level 3  
  122  24:16  Refinery  
  122  24:18  Marauder x3  
  122  24:21  Terran Vehicle Weapons Level 1  
  128  24:31  Sensor Tower  
  128  24:39  Refinery, Marauder x2  
  128  24:40  Marauder  
  128  24:45  SCV x4  
  125  24:56  Siege Tank x2  
  106  25:00  Marauder  
  106  25:01  Marauder  
  106  25:06  Missile Turret  
  108  25:10  Missile Turret  
  105  25:15  Missile Turret  
  105  25:17  Missile Turret  
  104  25:28  Siege Tank x2  
  110  25:30  Missile Turret  
  110  25:33  Marauder x3, Marine x2  
  118  25:43  Medivac  
  118  25:44  Liberator  
  112  25:53  Marine x5  
  112  25:54  Marauder  
  112  25:55  Marauder x2  
  123  26:00  Siege Tank x2  
  123  26:03  Refinery  
  120  26:12  Marine x5  
  120  26:13  Liberator  
  120  26:16  Marauder x2  
  131  26:24  Missile Turret  
  128  26:27  Liberator  
  128  26:32  Thor x2  
  142  26:42  SCV x5  
  146  26:50  Missile Turret  
  144  27:15  Siege Tank  
  113  27:47  Missile Turret x2  
  113  27:48  Missile Turret x2  
  113  27:50  Missile Turret x2  
  113  27:51  Marauder x3, Marine x2  
  118  27:52  Marine  
  119  27:59  SCV  
  119  28:00  SCV x3  
  123  28:12  SCV, Marauder x2  
  130  28:13  Marauder  
  130  28:22  Missile Turret  
  130  28:24  Missile Turret  
  130  28:25  Missile Turret  
  128  28:46  Missile Turret  
  115  28:56  Missile Turret  
  115  28:58  Missile Turret x2  
  81  29:20  Marauder x3, Marine x6  
  76  29:40  Command Center  
Show
View Real Time Build Order
Export as new Build Order

IrOnChain Terran - Winner!

Build Orders: Reaper Expand 

Get SALT Encoding   

  12  0:00  SCV  
  13  0:12  SCV  
  14  0:17  Supply Depot  
  14  0:24  SCV  
  15  0:39  SCV  
  15  0:40  Barracks  
  16  0:44  Refinery  
  16  0:51  SCV  
  17  1:03  SCV  
  18  1:15  SCV  
  19  1:27  Reaper  
  19  1:28  Orbital Command  
  20  1:41  Command Center  
  20  1:51  Barracks  
  20  1:53  SCV  
  21  2:05  Barracks Reactor  
  21  2:07  Supply Depot  
  21  2:10  SCV  
  21  2:13  Refinery  
  22  2:22  SCV  
  23  2:26  Factory  
  23  2:34  SCV  
  24  2:40  Barracks Tech Lab  
  24  2:41  Marine x2  
  26  2:49  SCV  
  27  2:55  Orbital Command  
  27  2:59  Stimpack  
  27  3:00  Marine  
  27  3:01  SCV  
  29  3:12  Marine  
  29  3:13  Marine  
  29  3:19  Marauder  
  33  3:27  Widow Mine  
  35  3:28  Starport  
  35  3:34  Marine x2  
  35  3:36  Bunker  
  35  3:38  Supply Depot  
  37  3:42  Marauder  
  39  3:52  Widow Mine  
  39  3:54  Marine  
  39  3:55  Marine  
  41  4:05  Marauder  
  41  4:06  Medivac  
  45  4:16  Factory Tech Lab, Marine  
  46  4:19  SCV  
  46  4:25  Marine  
  47  4:32  Marauder  
  47  4:37  Starport Reactor  
  47  4:38  Siege Tank  
  48  4:51  SCV  
  48  4:52  SCV  
  49  4:54  Marauder  
  49  4:57  Barracks, Marine x2  
  49  4:59  Barracks  
  53  5:02  Supply Depot  
  53  5:03  SCV  
  54  5:13  SCV  
  55  5:18  Marine  
  56  5:28  SCV  
  51  5:32  Marine  
  51  5:38  Marine  
  51  5:39  Marauder  
  50  5:44  SCV  
  50  5:48  Medivac, Siege Tank  
  50  5:49  Marine x3  
  56  5:56  Marine  
  60  5:58  SCV  
  60  6:00  Marauder  
  62  6:08  Marine x2  
  62  6:09  Marine  
  64  6:14  Marine  
  65  6:21  Marine  
  65  6:23  Medivac  
  68  6:26  Marine, Combat Shield  
  69  6:34  SCV  
  69  6:35  Refinery  
  69  6:39  Supply Depot  
  70  6:40  Marine  
  70  6:41  Marine  
  68  6:51  SCV x2  
  67  7:03  SCV, Marine x3  
  71  7:08  Marine  
  71  7:10  SCV  
  71  7:14  Command Center  
  72  7:16  Engineering Bay  
  71  7:27  Marine  
  71  7:28  Marauder, Marine x3  
  71  7:29  Medivac x2  
  75  7:33  SCV  
  75  7:34  SCV  
  77  7:45  SCV  
  77  7:46  SCV, Concussive Shells  
  79  7:57  Refinery, SCV, Terran Infantry Weapons Level 1  
  79  7:58  SCV  
  81  8:03  Marine x2  
  81  8:04  Marauder  
  81  8:05  Barracks Reactor  
  82  8:24  Marine x3  
  82  8:25  Marauder  
  83  8:42  Marine x3  
  83  8:46  Marine  
  87  8:55  Marine x2  
  89  9:00  Marine x3  
  92  9:04  Marine, Medivac  
  92  9:07  Barracks  
  95  9:13  Marine x2  
  97  9:18  Marine x2  
  99  9:25  Marine  
  93  10:00  Marine x3  
  91  10:13  Marine  
  88  10:15  SCV  
  87  10:21  Marine x5  
  87  10:22  Marine  
  87  10:23  Terran Infantry Armor Level 1  
  87  10:24  SCV  
  94  10:31  Marine  
  96  10:35  SCV  
  96  10:39  Marine x2  
  93  11:00  SCV, Marine  
  93  11:01  Marine x6  
  101  11:09  Barracks, Supply Depot  
  101  11:10  Supply Depot x2  
  101  11:11  Barracks  
  101  11:13  Barracks x2  
  101  11:27  Orbital Command, Supply Depot  
  101  11:28  Supply Depot  
  101  11:29  Missile Turret  
  101  11:30  Marine x6, Supply Depot  
  101  11:31  SCV, Supply Depot  
  101  11:32  Barracks Reactor  
  108  11:33  Viking x2  
  110  11:48  Marine x2  
  95  12:07  Marine x7  
  95  12:08  Marine x3  
  98  12:17  Marine x2, Supply Depot  
  98  12:18  Missile Turret  
  98  12:19  Missile Turret  
  100  12:25  Marine x4  
  104  12:36  Marine x5  
  109  12:38  Medivac x2  
  109  12:39  Siege Tank  
  116  12:44  Marine x2  
  116  12:45  Marine  
  116  12:50  SCV x3  
  122  12:53  Marine x3  
  118  13:09  Marine  
  118  13:11  Marine  
  118  13:12  Marine x3  
  122  13:16  Marine x2  
  122  13:17  Marine x5  
  124  13:27  Marine  
  124  13:29  Marine x3  
  125  13:39  Marine  
  121  13:47  Marine  
  121  13:54  Marine x2  
  121  13:55  Marine  
  123  14:07  Marine x2  
  123  14:08  Marine x4  
  123  14:09  SCV, Marine x2  
  130  14:10  Marine  
  130  14:11  Medivac x2  
  130  14:12  Marine x2  
  130  14:15  Engineering Bay  
  130  14:16  Armory  
  137  14:26  SCV  
  137  14:27  SCV x2  
  140  14:31  Marine x2  
  140  14:32  Marine x6  
  148  14:38  SCV  
  148  14:39  SCV  
  148  14:42  SCV  
  150  15:11  Marine x7  
  150  15:12  Marine  
  157  15:14  Marine  
  157  15:19  Marine  
  157  15:21  Marine  
  138  15:43  Marine x2  
  138  15:44  Marine x2  
  138  15:47  Marine x3  
  138  15:48  SCV  
  138  15:49  Terran Infantry Armor Level 2, Terran Infantry Weapons Level 2  
  146  15:51  Marine x4  
  146  15:54  Marine  
  146  15:55  Medivac x2  
  155  16:01  Marine x2  
  157  16:07  Supply Depot  
  157  16:09  Supply Depot  
  157  16:16  Marine x2  
  157  16:18  Marine  
  157  16:21  Marine  
  155  16:26  Marine x4  
  155  16:28  Marine x4  
  154  16:38  Marine x2  
  150  16:49  Orbital Command  
  148  17:24  Marine x3  
  151  17:30  Liberator  
  151  18:02  Marine x2  
  153  18:08  SCV  
  153  18:09  SCV  
  155  18:20  SCV, Orbital Command  
  155  18:21  SCV  
  155  18:24  Marine x3  
  155  18:25  Marine x6  
  155  18:26  Liberator  
  155  18:27  Liberator  
  172  18:40  SCV  
  173  19:22  Refinery, Factory, Supply Depot x2  
  173  19:24  Factory  
  173  19:26  Terran Infantry Weapons Level 3, Command Center  
  173  19:28  SCV x3  
  176  19:46  Marine  
  176  19:47  Marine x5  
  131  20:29  Marine x2  
  131  20:30  Marine x4  
  131  20:31  Siege Tank  
  131  20:33  Factory Tech Lab x2  
  131  20:35  SCV x2  
  142  20:36  Refinery  
  142  20:39  SCV  
  142  20:40  Refinery  
  142  20:41  Refinery, Supply Depot  
  141  20:43  Supply Depot  
  141  20:47  SCV x2  
  143  20:51  SCV  
  144  20:59  SCV x2  
  144  21:03  SCV  
  147  21:05  Siege Tank x2  
  153  21:11  SCV  
  153  21:16  Sensor Tower  
  154  21:19  SCV  
  154  21:20  SCV  
  154  21:21  Terran Infantry Armor Level 3  
  154  21:23  SCV  
  154  21:25  Orbital Command  
  157  21:31  SCV  
  158  21:38  SCV  
  159  21:40  Siege Tank x3  
  159  21:44  SCV  
  169  21:50  SCV  
  169  21:54  Barracks Tech Lab x2  
  169  21:55  Barracks Reactor x2  
  169  21:56  Viking x2  
  169  21:58  SCV  
  169  21:59  SCV  
  175  22:06  SCV  
  176  22:13  Marine, Siege Tank x3  
  176  22:14  Marine x3  
  189  22:20  SCV  
  190  22:23  Marine x3  
  190  22:25  Marauder, Marine  
  190  22:26  SCV x2  
  198  22:39  SCV  
  197  22:45  SCV  
  197  22:47  Marine x2  
  184  22:52  Marine x2  
  172  23:01  Marine x8  
  172  23:02  Marauder, Marine  
  172  23:05  Marine x2  
  182  23:09  SCV  
  182  23:10  Marine  
  184  23:23  Marine  
  157  23:47  Marine x5  
  154  23:56  Command Center  
  154  23:59  Siege Tank  
  154  24:00  Marine  
  154  24:01  Marauder, Medivac x2  
  154  24:02  SCV x2  
  166  24:05  SCV  
  167  24:16  Factory  
  167  24:18  SCV  
  167  24:22  Factory  
  168  24:35  Siege Tank  
  168  24:37  Marine x8  
  179  24:40  Marine  
  136  25:02  Marine x5  
  136  25:03  Marauder, Marine x3  
  143  25:18  Siege Tank  
  143  25:19  Factory Tech Lab  
  146  25:24  Marine  
  147  25:28  Marine x2  
  147  25:31  Factory Tech Lab  
  147  25:32  Orbital Command  
  147  25:33  SCV  
  150  25:37  Marauder, Marine x2  
  150  25:38  SCV  
  155  25:53  Marine  
  155  25:54  Marauder  
  158  26:00  Marine  
  153  26:12  Siege Tank x2  
  153  26:13  Marine, Siege Tank  
  153  26:14  Marauder, Marine x10  
  153  26:15  Marauder  
  153  26:18  Marine  
  178  26:22  Terran Vehicle Weapons Level 1  
  178  26:25  SCV x2  
  180  26:26  SCV  
  178  26:33  SCV  
  178  26:39  Refinery  
  176  26:41  SCV  
  176  26:45  Siege Tank  
  176  26:46  Siege Tank x2  
  186  26:48  SCV, Marauder, Marine  
  186  26:50  Missile Turret  
  185  27:05  Missile Turret  
  163  27:16  Marine x2  
  163  27:17  Marauder, Marine x5  
  163  27:18  Marauder x2, Marine  
  168  27:23  SCV  
  156  27:38  Marauder  
  156  27:43  Siege Tank  
  153  28:14  Marauder, Marine x7  
  158  28:23  Siege Tank x3  
  167  28:28  SCV  
  164  28:37  Marine x4  
  164  28:38  Marauder, Marine x2  
  164  28:39  Marauder  
  169  28:43  SCV  
  170  28:58  Marauder, Marine  
  170  29:02  Marauder, Marine  
  175  29:08  Marauder, Marine  
  153  29:27  Supply Depot x2  
  153  29:29  Supply Depot  
Show
View Real Time Build Order
Export as new Build Order

SAIMANP Protoss - Winner!

Build Orders: 1 Gate Expand 

Get SALT Encoding   

  12  0:00  Probe  
  13  0:12  Probe  
  14  0:20  Pylon  
  14  0:34  Probe  
  15  0:40  Gateway  
  15  0:46  Probe  
  16  0:58  Probe, Assimilator  
  17  1:10  Probe  
  18  1:22  Probe  
  19  1:34  Probe  
  19  1:39  Nexus  
  20  1:43  Cybernetics Core  
  20  1:46  Probe  
  21  1:51  Pylon  
  21  2:07  Gateway  
  21  2:12  Assimilator  
  21  2:14  Probe  
  22  2:26  Probe  
  23  2:38  Probe (Chrono Boost)  
  23  2:40  Stalker  
  23  2:42  Warp Gate  
  26  2:48  Pylon  
  26  2:50  Probe (Chrono Boost)  
  27  2:58  Probe (Chrono Boost)  
  28  3:01  Probe (Chrono Boost)  
  30  3:10  Probe (Chrono Boost), Gateway  
  30  3:11  Probe (Chrono Boost)  
  31  3:16  Probe x2 (Chrono Boost)  
  31  3:23  Stalker x2 (Chrono Boost)  
  18  4:23  Probe  
  11  17:14  Nexus  
  11  18:43  Probe (Chrono Boost)  
  12  18:55  Probe (Chrono Boost)  
  13  19:04  Probe (Chrono Boost)  
  13  19:07  Pylon  
  14  19:26  Gateway  
  14  19:35  Probe (Chrono Boost)  
  15  19:42  Assimilator  
  16  19:46  Probe (Chrono Boost), Assimilator  
  16  19:50  Probe (Chrono Boost)  
  17  20:01  Probe  
  18  20:13  Probe  
  19  20:16  Cybernetics Core  
  19  20:25  Probe  
  19  20:27  Pylon  
  20  20:38  Probe  
  21  20:50  Probe  
  22  20:57  Nexus  
  22  21:02  Probe  
  23  21:07  Stalker  
  25  21:14  Probe  
  26  21:21  Stargate  
  26  21:26  Probe (Chrono Boost)  
  27  21:42  Probe (Chrono Boost), Stargate  
  27  21:44  Pylon  
  28  21:47  Probe (Chrono Boost)  
  28  21:52  Zealot  
  29  21:59  Gateway  
  29  22:05  Oracle (Chrono Boost)  
  32  22:10  Probe  
  33  22:17  Zealot  
  35  22:22  Void Ray (Chrono Boost)  
  39  22:48  Void Ray  
  39  22:52  Stalker  
  45  22:59  Void Ray  
  49  23:25  Void Ray  
  53  23:41  Void Ray  
  50  23:50  Probe (Chrono Boost)  
  50  23:51  Probe (Chrono Boost)  
  52  23:56  Zealot  
  52  24:01  Pylon  
  52  24:02  Pylon  
  54  24:04  Pylon  
  54  24:19  Probe x2, Void Ray x2  
  56  24:27  Zealot  
  56  24:31  Probe x2  
  68  24:34  Zealot  
  70  24:43  Probe x2  
  72  24:55  Probe x2  
  74  25:03  Void Ray  
  78  25:41  Pylon  
  78  25:43  Pylon  
  78  25:45  Pylon  
  78  25:46  Pylon  
  78  25:53  Void Ray  
  78  25:59  Probe x2  
  84  26:11  Probe x2  
  86  26:23  Probe  
  83  26:53  Void Ray x2  
  91  27:26  Pylon  
  91  27:28  Pylon  
  91  27:30  Void Ray, Pylon  
  91  27:32  Pylon  
  95  27:42  Void Ray  
  95  27:46  Zealot x2  
  103  28:07  Void Ray  
  87  28:19  Void Ray  
  91  28:44  Void Ray  
  95  28:56  Void Ray  
  99  29:36  Zealot  
  99  29:37  Zealot  
Tags
 
Add a new tag
Caveats
  • Supply blocks, unpowered buildings, or Contaminate may cause inaccurate times.
  • Supply counts are checked every 10 seconds.